 Dungeon Crawl Stone Soup version 0.31.0-11-ge490571c62 (webtiles) character file.

Game seed: 11595471652768543293

49 Aneyh the Slasher (level 3, 0/23 HPs)
             Began as a Tengu Monk on Feb 4, 2024.
             Slain by a goblin
             ... wielding a +0 dagger
              (3 damage)
             ... on level 2 of the Dungeon.
             The game lasted 00:01:43 (1028 turns).

Aneyh the Slasher (Tengu Monk)                      Turns: 1028, Time: 00:01:44

Health: 0/23       AC:  2    Str: 11    XL:     3   Next: 77%
Magic:  4/4        EV: 13    Int: 10    God:
Gold:   15         SH:  0    Dex: 18    Spells: 2/2 levels left

rFire   . . .        a - +0 falchion
rCold   . . .        (no shield)
rNeg    . . .        b - +0 robe
rPois   .            (helmet restricted)
rElec   .            (no cloak)
rCorr   .            (no gloves)
SInv    .            (boots unavailable)
Will    .....        (no amulet)
Stlth   ++           (no ring)
HPRegen 0.23/turn    (no ring)
MPRegen 0.09/turn

%: acrobat
@: no status effects
A: beak, talons 3, acrobatic
a: no special abilities


You were on level 2 of the Dungeon.
You visited 1 branch of the dungeon, and saw 2 of its levels.

You collected 15 gold pieces.

Inventory:

Hand Weapons
 a - a +0 falchion (weapon)
 e - a +0 war axe
 j - a +0 war axe
Armour
 b - a +0 robe (worn)
 d - an orb of light
Scrolls
 f - a scroll of revelation {unknown}
 g - a scroll of brand weapon {unknown}
 h - a scroll of identify {unknown}
 i - a scroll of fog {unknown}
 l - 2 scrolls of vulnerability {unknown}
 m - a scroll of blinking {unknown}
Potions
 k - a potion of curing {unknown}


   Skills:
 + Level 3.4 Fighting
 + Level 4.6 Long Blades
 - Level 3.2 Dodging


You had 2 spell levels left.
You didn't know any spells.
Your spell library contained the following spells:

 Spells                   Type           Power      Damage    Failure   Level
 Ensorcelled Hibernation  Hex/Ice        0%         N/A       50%         2
 Ozocubu's Armour         Ice            0%         N/A       75%         3
 Passwall                 Erth           0%         N/A       75%         3
 Swiftness                Air            0%         N/A       75%         3
 Metabolic Englaciation   Hex/Ice        0%         N/A       100%        5
 Sculpt Simulacrum        Ice/Alch       0%         N/A       100%        6


Dungeon Overview and Level Annotations

Branches:
Dungeon (2/15)

Altars:


Innate Abilities, Weirdness & Mutations

You have a beak for a mouth.
You have claws for feet.
You can magically evade attacks while moving or waiting.


Message History

The kobold is heavily wounded.
The kobold hits you but does no damage.
You barely miss the kobold. Your kick misses the kobold.
The kobold is heavily wounded.
The kobold hits you with a +0 short sword.
You closely miss the kobold. Your kick misses the kobold.
Your peck misses the kobold.
The kobold is heavily wounded.
The kobold barely misses you.
You hit the kobold.
You kill the kobold!
Things that are here:
a +0 short sword; a kobold corpse You start resting.
HP restored.
There is a stone staircase leading down here.
You climb downwards.
The bat closely misses you. The sleepcap misses you.
The sleepcap releases spores at you.
You are engulfed in a cloud of soporific spores!
You fall asleep.
The goblin hits you with a +0 dagger!
You wake up.
The sleepcap misses you.
There is a stone staircase leading up, spattered with blood here.
You hit the sleepcap.
You claw the sleepcap, but do no damage.
The sleepcap is lightly damaged.
The goblin misses you.
The sleepcap releases spores at you but does no damage.
The goblin hits you with a +0 dagger.
You hit the sleepcap.
You claw the sleepcap, but do no damage.
The sleepcap is lightly damaged.
The sleepcap completely misses you. The goblin hits you with a +0 dagger.
You hit the sleepcap but do no damage.
You claw the sleepcap, but do no damage.
You peck the sleepcap.
The sleepcap is lightly damaged.
The sleepcap releases spores at you.
* * * LOW HITPOINT WARNING * * *
The goblin hits you with a +0 dagger.
You die...

.#.#####.#.g.#
....$.......#
##..#...#### #≈
#.......#
#≈#.###.....# #
#≈#.........####.#
#≈#.###....##...
#≈ #...#.###.# #
#......bg@##.#
........†.f....#
...#.###.##..####
.###. #......# #.
#..>.÷.......
#......##.#.#
#......# #
#......# #.######


You could see a sleepcap, a goblin and a bat.

Vanquished Creatures
  2 adders (D:2)
  3 dart slugs (D:1)
  An endoplasm (D:1)
  2 giant cockroaches (D:1)
  3 hobgoblins (D:1)
  A quokka (D:1)
  A ball python (D:1)
  A bat (D:2)
  4 frilled lizards (D:1)
  2 goblins (D:1)
  3 kobolds (D:1)
  6 rats (D:1)
29 creatures vanquished.

Notes
Turn   | Place    | Note
-------+----------+-------------------------------------------
     0 | D:1      | Aneyh the Tengu Monk began the quest for the Orb.
     0 | D:1      | Reached XP level 1. HP: 14/14 MP: 2/2
   171 | D:1      | Reached XP level 2. HP: 19/19 MP: 3/3
   198 | D:1      | Reached skill level 4 in Long Blades
   430 | D:1      | Reached XP level 3. HP: 21/23 MP: 4/4
  1028 | D:2      | Slain by a goblin

Illustrated notes

Levels and vault maps discovered:
D:1:      lemuel_arrival_behind_the_door_large, layout_loops_ring, minivault_19
D:2:      layout_loops_cross, grunt_decor_cap, uniq_natasha, uniq_robin

Skill      XL: |  1  2 |
---------------+-------+-----
Long Blades    | 4 |  4.6
Fighting       | |  3.4
Dodging        | |  3.2

Action                     || total
---------------------------++-------
  Melee: Falchion          ||    78
         Peck              ||     6
         Kick              ||    15
    Use: Potion            ||     1
   Stab: Sleeping          ||     1
 Armour: Robe              ||    54
  Dodge: Dodged            ||    78
